 Dungeon Crawl Stone Soup version 0.27-a0-1347-gd8886f0a89 (webtiles) character file.

Game seed: 4573635982535128284

570 bilbop the Caller (level 7, -2/40 HPs)
             Began as a Deep Elf Summoner on June 28, 2021.
             Slain by an orc warrior (18 damage)
             ... on level 6 of the Dungeon.
             The game lasted 00:28:42 (5644 turns).

bilbop the Caller (Deep Elf Summoner)               Turns: 5644, Time: 00:28:42

Health: -2/40      AC:  6    Str:  5    XL:     7   Next: 11%
Magic:  16/16      EV: 14    Int: 21    God:
Gold:   276        SH:  0    Dex: 16    Spells: 12/15 levels left

rFire    . . .     SeeInvis .   a - +2 dagger (protect)
rCold    . . .     Faith    .   (no shield)
rNeg     . . .     Spirit   .   d - +0 robe
rPois    +         Reflect  .   (no helmet)
rElec    .         Harm     .   (no cloak)
rCorr    .         Rampage  .   (no gloves)
Will     .....                  (no boots)
Stlth    +++.......             w - amulet of magic regeneration
HPRegen  0.13/turn              f - +4 ring of protection
MPRegen  0.40/turn              C - ring of poison resistance

@: no status effects
A: no striking features
a: no special abilities


You were on level 6 of the Dungeon.
You visited 1 branch of the dungeon, and saw 6 of its levels.

You collected 276 gold pieces.

Inventory:

Hand Weapons
 a - a +2 dagger of protection (weapon)
 k - a +0 dagger
 n - a +0 hunting sling
 v - a +1 dagger of flaming
Missiles
 s - 24 sling bullets
Armour
 d - a +0 robe (worn)
Jewellery
 f - a +4 ring of protection (left hand)
 i - an amulet of faith
 w - an amulet of magic regeneration (around neck)
 y - an amulet of the acrobat
 C - a ring of poison resistance (right hand)
Wands
 q - a wand of acid (6)
Scrolls
 g - a scroll of amnesia {unknown}
 h - 2 scrolls of enchant weapon {unknown}
 j - a scroll of brand weapon {unknown}
 l - 2 scrolls of fear {unknown}
 m - a scroll of teleportation {unknown}
 o - a scroll of blinking {unknown}
 p - 3 scrolls of magic mapping
 r - 2 scrolls of fog {unknown}
 u - 4 scrolls of identify {unknown}
 B - a scroll of enchant armour {unknown}
Potions
 b - 2 potions of heal wounds {unknown}
 e - 2 potions of brilliance {unknown}
 t - a potion of attraction {unknown}
 x - a potion of magic {unknown}
 z - a potion of degeneration {unknown}
 A - a potion of flight {unknown}


   Skills:
 + Level 2.3 Fighting
 + Level 2.7 Short Blades
 + Level 4.5 Dodging
 + Level 4.6 Stealth
 + Level 4.9 Spellcasting
 + Level 5.4 Summonings


You had 12 spell levels left.
You knew the following spells:

 Your Spells              Type           Power      Damage    Failure   Level
a - Summon Small Mammal   Summ           100%       N/A       1%          1
b - Call Imp              Summ           28%        N/A       1%          2

Your spell library contained the following spells:

 Spells                   Type           Power      Damage    Failure   Level
 Call Canine Familiar     Summ           28%        N/A       3%          3
 Animate Skeleton         Necr           10%        N/A       11%         1
 Apportation              Tloc           10%        N/A       11%         1
 Corona                   Hex            5%         N/A       11%         1
 Shock                    Conj/Air       20%        1d4       11%         1
 Summon Guardian Golem    Hex/Summ       16%        N/A       11%         3
 Static Discharge         Conj/Air       5%         N/A       17%         2
 Swiftness                Air            5%         N/A       32%         3
 Summon Ice Beast         Ice/Summ       16%        N/A       34%         4
 Summon Lightning Spire   Summ/Air       16%        N/A       34%         4
 Airstrike                Air            2%         N/A       73%         4
 Lightning Bolt           Conj/Air       2%         1d14      97%         5


Dungeon Overview and Level Annotations

Branches:
Dungeon (6/15)
 Temple: D:4-7

Altars:
Ashenzari

Shops:
D:4 (


Message History

The sky beast flickers out of sight!
Deactivating autopickup; reactivate with Ctrl-A.
The orc wizard barely misses your crimson imp.
Your crimson imp hits the orc wizard but does no damage.
Your crimson imp hits the orc warrior but does no damage.
Something barely misses your crimson imp.
The orc wizard hits something but does no damage.
A sky beast appears from thin air!
Reactivating autopickup.
Your crimson imp blinks!
The sky beast hits your crimson imp. The sky beast shocks your crimson imp.
The river rat bites your crimson imp!
Your crimson imp dies!
Casting: Call Imp (safe; 1% risk of failure)
Confirm with . or Enter, or press ? or * to list all spells.
A beastly little devil appears in a puff of flame.
The orc warrior barely misses you. The magic dart hits your crimson imp!
Your crimson imp dies!
Your crimson imp hits the ball python.
Your crimson imp barely misses the orc warrior.
The ball python barely misses you. x2
The sky beast completely misses your crimson imp.
The ball python barely misses you. The ball python grabs you.
The ball python constricts you.
You escape the ball python's grasp.
Your crimson imp blinks!
Something closely misses your crimson imp.
The ball python bites you but does no damage.
The ball python closely misses you.
Found 17 stones.
The ball python barely misses you. The ball python grabs you.
The ball python constricts you.
The sky beast flickers out of sight!
Deactivating autopickup; reactivate with Ctrl-A.
The ball python closely misses you. The ball python constricts you.
You escape the ball python's grasp.
Your crimson imp blinks!
There is a stone staircase leading up here.
The orc warrior hits you with a +0 war axe!!
You die...

.. #..### #. #..
##....### #.. #..
##.......##...
#..#
##.............
#..
##>$...........
#..##......#......
#.............#
##....S@)).....#
..#...).o#####...#
.........# ##..##
(...#...## ##..#
... #...# #..## ..
#..{# ##..# ..
#...# #..##
...##..{# #.Z.#
#.......# ##Y.##


You could see an orc warrior and a ball python.

Vanquished Creatures
  A centaur (D:5)
  A phantom (D:5)
  2 orc priests (D:5)
  An adder (D:5)
  2 orcs (D:4)
  A ball python (D:3)
  5 bats
  4 endoplasms
  A hobgoblin (D:2)
  A jackal (D:4)
  A quokka (D:5)
  2 kobolds
  A rat (D:3)
23 creatures vanquished.

Vanquished Creatures (collateral kills)
  A steam dragon (D:5)
  A necrophage (D:5)
  A howler monkey (D:4)
  A hound (D:5)
  A gnoll shaman (D:4)
  An orc priest (D:4)
  4 orc wizards
  A hound zombie (D:5)
  A howler monkey skeleton (D:5)
  12 gnolls
  2 adders
  A shadow imp (D:5)
  A worm (D:5)
  20 orcs
  3 ball pythons
  6 bats
  2 endoplasms
  4 goblins
  8 hobgoblins
  2 jackals (D:4)
  A frilled lizard (D:3)
  4 kobolds
  A rat (D:1)
79 creatures vanquished.

Grand Total: 102 creatures vanquished

Notes
Turn   | Place    | Note
-------+----------+-------------------------------------------
     0 | D:1      | bilbop the Deep Elf Summoner began the quest for the Orb.
     0 | D:1      | Reached XP level 1. HP: 10/10 MP: 6/6
     6 | D:1      | Noticed a four-headed hydra
     6 | D:1      | Noticed a swamp worm
     6 | D:1      | Noticed a polar bear
     7 | D:1      | Noticed a komodo dragon
   650 | D:1      | Found a faded altar of an unknown god.
   853 | D:1      | Reached XP level 2. HP: 15/15 MP: 2/8
  1930 | D:2      | Reached XP level 3. HP: 20/20 MP: 4/9
  2050 | D:3      | Learned a level 2 spell: Call Imp
  2503 | D:3      | Reached skill level 1 in Short Blades
  2812 | D:3      | Found a broken altar of Ashenzari.
  2937 | D:4      | Reached skill level 1 in Fighting
  2937 | D:4      | Reached XP level 4. HP: 9/25 MP: 11/11
  3234 | D:4      | Found Qybosur's Antique Weapon Shoppe.
  3432 | D:4      | Reached XP level 5. HP: 9/29 MP: 7/12
  3985 | D:4      | Reached skill level 5 in Summonings
  4547 | D:5      | Entered Level 5 of the Dungeon
  4548 | D:5      | Noticed a centaur
  4641 | D:5      | Reached XP level 6. HP: 30/35 MP: 12/14
  4940 | D:5      | Noticed a steam dragon
  4967 | D:5      | Killed a steam dragon
  5026 | D:5      | Reached XP level 7. HP: 32/40 MP: 3/16
  5545 | D:5      | You fall into a shaft and drop 1 floor!
  5644 | D:6      | Slain by an orc warrior

Illustrated notes

Levels and vault maps discovered:
D:1:      onia_arrival_zoo_common, layout_basic, ebering_ecumenical_altar_mist,
          minmay_misc_feat_five, hangedman_abyss_or_decor_stabs,
          columned_hall_lemuel, minmay_pentomino_x4
D:2:      layout_rooms
D:3:      layout_rooms, general_overflow_altar
D:4:      layout_cave_pods, serial_shops, shop_fountains
D:5:      layout_basic, st_stairs_10
D:6:      layout_layer_cave, minmay_temple_entry_offerings, serial_shops, shop,
          portal_sewer_entry_a, minmay_puff, uniq_sigmund

Skill      XL: |  1  2  3  4  5  6 |
---------------+-------------------+-----
Stealth        | 3 4 |  4.6
Dodging        | 3 4 |  4.5
Short Blades   | 1 2 |  2.7
Fighting       | 1 2 |  2.3
Spellcasting   | 4 |  4.9
Summonings     | 5 |  5.4

Action                   |  1- 3 |  4- 6 |  7- 9 || total
-------------------------+-------+-------+-------++-------
Melee: Dagger            |    82 |    74 |    29 ||   185
 Cast: Summon Small Mamm |    58 |       |     1 ||    59
       Call Imp          |    20 |    64 |    27 ||   111
  Use: Scroll            |       |     2 |       ||     2
 Stab: Sleeping          |     4 |     2 |       ||     6
       Distracted        |       |     2 |       ||     2
Armor: Robe              |    36 |    28 |    19 ||    83
Dodge: Dodged            |    78 |    49 |    46 ||   173

Table legend: (Time is in decaauts)
 A = Elapsed time spent in this place.
 B = Non-inter-level travel time spent in this place.
 C = Inter-level travel time spent in this place.
 D = Time resting spent in this place.
 E = Time spent auto-exploring this place.
 F = Levels seen in this place.
 G = Mean time per level.
                   A        B        C        D        E       F      G
               +--------+--------+--------+--------+--------+-----+--------+
         Total |   5626 |   5481 |    145 |    405 |   4165 |   6 |  937.7 |
       Dungeon |   5626 |   5481 |    145 |    405 |   4165 |   6 |  937.7 |
               +--------+--------+--------+--------+--------+-----+--------+

Top non-repeatable levels by time:
     D:4: 1661 daAuts
     D:1: 1499 daAuts
     D:5: 985 daAuts
     D:3: 836 daAuts
     D:2: 544 daAuts
     D:6: 98 daAuts
